 Dungeon Crawl Stone Soup version 0.31-a0-217-g58bb5d79cf (webtiles) character file.

Game seed: 612299957736580878

46 qw the Chopper (level 3, -2/23 HPs)
             Began as a Gargoyle Fighter on July 2, 2023.
             Slain by a black bear (3 damage)
             ... on level 3 of the Dungeon.
             The game lasted 00:00:36 (1403 turns).

qw the Chopper (Gargoyle Fighter)                   Turns: 1403, Time: 00:00:36

Health: -2/23      AC: 13    Str: 20 (21) XL:     3   Next: 68%
Magic:  3/3        EV:  7    Int:  8      God:
Gold:   116        SH:  4    Dex:  7 (9)  Spells: 2/2 levels left

rFire   . . .        Y - +0 war axe
rCold   . . .        c - +0 buckler
rNeg    + . .        l - +0 chain mail
rPois   inf          (no helmet)
rElec   +            (no cloak)
rCorr   .            n - +0 pair of gloves
SInv    .            (no boots)
Will    .....        (no amulet) Stlth
                     (no ring)
HPRegen 0.23/turn    (no ring)
MPRegen 0.08/turn

%: no passive effects
@: about to teleport
A: sickness immunity, AC +3, negative energy resistance 1, electricity
resistance, torment resistance 1, petrification resistance
a: no special abilities


You were on level 3 of the Dungeon.
You visited 1 branch of the dungeon, and saw 3 of its levels.

You collected 116 gold pieces.


Innate Abilities, Weirdness & Mutations

You are immune to sickness and miasma.
Your stone body is resilient. (AC +3)
You are immune to poison.
You resist negative energy. (rN+)
You are resistant to electric shocks. (rElec)
You are resistant to unholy torment.
You are immune to petrification.


   Skills:
 - Level 3.2 Fighting
 + Level 3.5 Axes
 - Level 3.2 Armour
 - Level 3.2 Shields


You had 2 spell levels left.
You didn't know any spells.
Your spell library was empty.

Inventory:

Hand Weapons
 k - a +0 mace
 Y - a +0 war axe (weapon)
Missiles
 g - 3 boomerangs (quivered)
Armour
 c - a +0 buckler (worn)
 l - a +0 chain mail (worn)
 n - a +0 pair of gloves (worn)
Scrolls
 a - a scroll of identify
 h - a scroll of teleportation
Potions
 d - a potion of might
 e - 2 potions of lignification {unknown}
 f - a potion of cancellation {unknown}
 i - a potion of curing {unknown}
 j - a potion of enlightenment {unknown}
 m - a potion of attraction {unknown}

Dungeon Overview and Level Annotations

Branches:
Dungeon (3/15)

Altars:
Gozag


Message History

Enter note: You throw a boomerang.
The boomerang hits the black bear!
The black bear is moderately wounded.
You throw a boomerang.
The boomerang closely misses the black bear.
You throw a boomerang.
The boomerang barely misses the black bear.
You barely miss the black bear.
The black bear is moderately wounded.
The black bear bites you but does no damage.
The black bear claws you.
The black bear claws you but does no damage.
The black bear bites you.
The black bear claws you but does no damage.
The black bear claws you.
You hit the black bear.
The black bear is moderately wounded.
The black bear bites you.
The black bear claws you but does no damage.
The black bear claws you.
You hit the black bear.
The black bear is heavily wounded.
You block the black bear's attack. The black bear claws you.
The black bear barely misses you.
You barely miss the black bear.
The black bear is heavily wounded.
The black bear bites you. The black bear completely misses you.
The black bear claws you. The black bear bites you.
The black bear claws you but does no damage.
The black bear completely misses you.
1402 ||| READING 2 scrolls of teleportation.
As you read the scroll of teleportation, it crumbles to dust.
You feel strangely unstable. The black bear barely misses you.
The black bear claws you but does no damage.
The black bear claws you.
You hit the black bear.
The black bear is severely wounded.
The black bear bites you.
You die...

#.# #....# #.# #....#
#.# #....#####.. #.#
###........... #.#
#............. #.#
#......#######
#.#####......########
#...................#
#######.....@######.#
#.....h# #..>.....
######.... #....
#..... #?.....
#......#


You could see a black bear.

Vanquished Creatures
  An adder (D:2)
  3 worms
  2 ball pythons (D:1)
  6 bats
  2 endoplasms
  2 giant cockroaches
  3 goblins
  3 hobgoblins
  A quokka (D:3)
  A frilled lizard (D:1)
  2 kobolds (D:1)
  2 rats (D:1)
28 creatures vanquished.

Notes
Turn   | Place    | Note
-------+----------+-------------------------------------------
     0 | D:1      | qw the Gargoyle Fighter began the quest for the Orb.
     0 | D:1      | Reached XP level 1. HP: 14/14 MP: 1/1
     0 | D:1      | 0 ||| qw: Version: 0.3-a-40-ge99b1a8
     0 | D:1      | 0 ||| qw: Game counter: 109
     0 | D:1      | 0 ||| qw: Melee chars always use a shield: true
     0 | D:1      | 0 ||| qw: God list: Okawaru
     0 | D:1      | 0 ||| qw: Allow faded altars: false
     0 | D:1      | 0 ||| qw: Do Orc after clearing Dungeon:15 true
     0 | D:1      | 0 ||| qw: Do second Lair branch before Depths: true
     0 | D:1      | 0 ||| qw: Lair rune preference: random
     0 | D:1      | 0 ||| qw: Goals: Normal, Zot:1-4, Slime:5, God:TSO, Crypt,
                  | Tomb, Abyss, Pan, Hells, Win
     0 | D:1      | 0 ||| PLANNING D:1-11
   132 | D:1      | Reached XP level 2. HP: 16/19 MP: 2/2
   345 | D:1      | 345 ||| DROPPING +0 whip.
   481 | D:1      | 481 ||| READING 2 scrolls labelled FOAMAH UNKUWO.
   482 | D:1      | 482 ||| READING scroll labelled IPTYPS ZAST.
   486 | D:1      | 486 ||| DRINKING 2 fuming blue potions.
   487 | D:1      | 487 ||| DROPPING potion of degeneration.
   636 | D:2      | Reached skill level 3 in Axes
   704 | D:2      | Identified the staff "Foifamo" {rF+ rCorr Fire}
   818 | D:2      | Reached XP level 3. HP: 16/23 MP: 3/3
  1139 | D:2      | Identified the +3 robe of Peek-a-Boo {Will++ Str+4 Dex-3}
  1217 | D:2      | 1217 ||| UPGRADING to +0 chain mail.
  1227 | D:2      | 1227 ||| DROPPING +0 scale mail.
  1228 | D:2      | 1228 ||| UPGRADING to +0 pair of gloves.
  1328 | D:3      | Found an opulent altar of Gozag.
  1394 | D:3      | Noticed a black bear
  1401 | D:3      | HP: 3/23 [black bear (5)]
  1402 | D:3      | 1402 ||| READING 2 scrolls of teleportation.
  1402 | D:3      | HP: 1/23 [black bear (3)]
  1403 | D:3      | Slain by a black bear

Levels and vault maps discovered:
D:1:      evilmike_arrival_home_sweet_home, layout_rooms, hex_large
D:2:      layout_basic
D:3:      layout_basic, mainiacjoe_overflow_small_starburst, serial_shops,
          nicolae_shop_tiny_statue_garden, shop

Skill      XL: |  1  2 |
---------------+-------+-----
Axes           | 2 3 |  3.5
Fighting       | |  3.2
Armour         | |  3.2
Shields        | |  3.2

Action                     || total
---------------------------++-------
  Melee: War axe           ||    81
  Throw: Boomerang         ||    35
    Use: Scroll            ||     3
         Potion            ||     1
 Armour: Scale mail        ||    35
         Chain mail        ||    14
  Dodge: Dodged            ||    23
  Block: Buckler           ||     7

Table legend:
 A = Non-vault XP
 B = Vault XP
 C = Vault XP percentage of total XP
 D = Non-vault monster count
 E = Vault monster count
 F = Vault count percentage of total count
                 A         B        C        D         E       F
            +---------+---------+-------+---------+---------+-------
      Total |      67 |       0 |   0.0 |      28 |       0 |   0.0
            +---------+---------+-------+---------+---------+-------
        D:1 |      27 |       0 |   0.0 |      17 |       0 |   0.0
        D:2 |      29 |       0 |   0.0 |       7 |       0 |   0.0
        D:3 |      11 |       0 |   0.0 |       4 |       0 |   0.0
            +---------+---------+-------+---------+---------+-------
